 Dungeon Crawl Stone Soup version 0.27-a0-92-g39ad13b146 (webtiles) character file.

Game seed: 1728733776586233

56 melloss the Sneak (level 3, 16/16 HPs)
             Began as a Spriggan Enchanter on Jan 13, 2021.
             Quit the game on level 2 of the Dungeon on Jan 15, 2021.
             The game lasted 00:06:37 (1872 turns).

melloss the Sneak (Spriggan Enchanter)              Turns: 1872, Time: 00:06:38

Health: 16/16      AC:  5    Str:  4    XL:     3   Next: 69%
Magic:  6/8        EV: 18    Int: 17    God:
Gold:   48         SH:  0    Dex: 16    Spells: 4/7 levels left

rFire    . . .     SeeInvis +   a - +1 dagger
rCold    . . .     Faith    .   (shield restricted)
rNeg     . . .     Spirit   .   b - +0 robe
rPois    .         Reflect  .   (helmet restricted)
rElec    .         Harm     .   f - +2 cloak
rCorr    .         Rampage  .   (gloves unavailable)
Will     .....                  (boots unavailable)
Stlth    +++.......             (no amulet)
HPRegen  0.05/turn              (no ring)
MPRegen  0.11/turn              (no ring)

@: very quick
A: very small, unfitting armour, see invisible, speed 3
a: no special abilities


You were on level 2 of the Dungeon.
You visited 1 branch of the dungeon, and saw 2 of its levels.

You collected 48 gold pieces.

Inventory:

Hand Weapons
 a - a +1 dagger (weapon)
Armour
 b - a +0 robe (worn)
 f - a +2 cloak (worn)
Scrolls
 c - 6 scrolls of identify {unknown}
 g - a scroll of teleportation {unknown}
 i - 2 scrolls of remove curse {unknown}
Potions
 d - 2 potions of heal wounds {unknown}
 e - a potion of lignification {unknown}
 h - a potion of mutation {unknown}


   Skills:
 + Level 2.9 Short Blades
 - Level 3.0 Dodging
 + Level 6.0 Stealth
 - Level 2.6 Spellcasting
 - Level 3.6 Hexes


You had 4 spell levels left.
You knew the following spells:

 Your Spells              Type           Power        Failure   Level
a - Corona                Hex            15%          4%          1
b - Ensorcelled Hibernat  Hex/Ice        16%          13%         2

Your spell library contained the following spells:

 Spells                   Type           Power        Failure   Level
 Confusing Touch          Hex            14%          12%         3
 Tukima's Dance           Hex            14%          12%         3
 Dazzling Flash           Conj/Hex       16%          26%         3


Dungeon Overview and Level Annotations

Branches:
Dungeon (2/15)

Altars:


Innate Abilities, Weirdness & Mutations

You are very small and have problems with some larger weapons.
You are too small for most types of armour.
You have supernaturally acute eyesight. (SInv)
You cover ground extremely quickly.


Message History

There is a stone staircase leading up here.
Found 9 gold pieces.
The helpless frilled lizard fails to defend itself.
You impale the frilled lizard!!
You kill the frilled lizard!
Your Stealth skill increases to level 6!
The bat looks drowsy...
The helpless bat fails to defend itself.
You impale the bat!!
You kill the bat!
i - 2 scrolls labelled WOINLIORAN (gained 1)
There is a faded altar of an unknown god here.
Are you sure you want to abandon this character and quit the game? (Confirm with "yes".)
Okay, then.
Saving game... please wait.
Welcome back, melloss the Spriggan Enchanter.
Press ? for a list of commands and other information.
A hobgoblin comes into view.
A hobgoblin is nearby!
Are you sure you want to abandon this character and quit the game? (Confirm with "yes".)

♣. .# ♣.
♣.####g# ♣.
♣......#
♣♣.♣♣(...†.#
#..........#♣
#.....<†....♣
#..........>♣
#..........#♣
#...@..#...#
.........#_#.##
..#.......#..#
♣.♣♣.#........
# ♣.
♣.####.##### ##
♣. .# . ♣# .#
.# .#


You could see a hobgoblin (wandering).

Vanquished Creatures
  An ooze (D:1)
  A dart slug (D:1)
  4 giant cockroaches (D:1)
  3 goblins (D:1)
  5 hobgoblins (D:1)
  12 jackals (D:1)
  6 kobolds (D:1)
  2 bats
  4 frilled lizards
  6 rats (D:1)
44 creatures vanquished.

Vanquished Creatures (others)
  9 plants (D:2)
9 creatures vanquished.

Grand Total: 53 creatures vanquished

Notes
Turn   | Place    | Note
-------+----------+-------------------------------------------
     0 | D:1      | melloss the Spriggan Enchanter began the quest for the Orb.
     0 | D:1      | Reached XP level 1. HP: 9/9 MP: 5/5
   195 | D:1      | Reached XP level 2. HP: 10/13 MP: 4/6
   200 | D:1      | Reached skill level 5 in Stealth
   203 | D:1      | Learned a level 2 spell: Ensorcelled Hibernation
   938 | D:1      | Reached XP level 3. HP: 16/16 MP: 5/8
  1856 | D:2      | Found a faded altar of an unknown god.
  1860 | D:2      | Reached skill level 6 in Stealth
  1869 | D:2      | Upgraded the game from 0.27-a0-77-gd04b7445b5 to
                  | 0.27-a0-92-g39ad13b146
  1872 | D:2      | Quit the game

Illustrated notes

Levels and vault maps discovered:
D:1:      eino_arrival_cavern_a, layout_basic, minmay_indecisive_spiral
D:2:      layout_loops_ring, kennysheep_ying_yang,
          chequers_ecumenical_altar_simple, serial_forest,
          infiniplex_forest_straight_2, infiniplex_forest_zigzag_1,
          infiniplex_forest_lined_room_3, infiniplex_forest_split,
          infiniplex_forest_corner_1, infiniplex_forest_straight_5,
          infiniplex_forest_straight_4, infiniplex_forest_end_3,
          serial_bayou_lagoon_a, minmay_misc_feat_enclosed, elyvilon_altar_1,
          uniq_crazy_yiuf_cottage

Skill      XL: |  1  2  3 |
---------------+----------+-----
Stealth        | 5 6 |  6.0
Short Blades   | 2 |  2.9
Dodging        | |  3.0
Spellcasting   | |  2.6
Hexes          | |  3.6

Action                   || total
-------------------------++-------
Melee: Dagger            ||   171
 Cast: Corona            ||     5
       Ensorcelled Hiber ||    28
 Stab: Sleeping          ||    23
Armor: Robe              ||    40
Dodge: Dodged            ||   179

Table legend: (Time is in decaauts)
 A = Elapsed time spent in this place.
 B = Non-inter-level travel time spent in this place.
 C = Inter-level travel time spent in this place.
 D = Time resting spent in this place.
 E = Time spent auto-exploring this place.
 F = Levels seen in this place.
 G = Mean time per level.
                   A        B        C        D        E       F      G
               +--------+--------+--------+--------+--------+-----+--------+
         Total |   1556 |   1525 |     31 |    476 |    649 |   2 |  778.0 |
       Dungeon |   1556 |   1525 |     31 |    476 |    649 |   2 |  778.0 |
               +--------+--------+--------+--------+--------+-----+--------+

Top non-repeatable levels by time:
     D:1: 1338 daAuts
     D:2: 217 daAuts
